 Dungeon Crawl Stone Soup version 0.26-a0-52-gd53d4cd058 (webtiles) character file.

Game seed: 8983968205824573196

136 Hasart the Sneak (level 5, -14/32 HPs)
             Began as a Kobold Assassin on June 6, 2020.
             Shot with an arrow by a centaur (15 damage)
             ... on level 2 of the Dungeon.
             The game lasted 00:01:42 (1180 turns).

Hasart the Sneak (Kobold Assassin)                  Turns: 1180, Time: 00:01:42

Health: -14/32     AC:  4    Str:  9    XL:     5   Next: 43%
Magic:  5/5        EV: 15    Int: 12    God:
Gold:   50         SH:  0    Dex: 17    Spells: 4/4 levels left

rFire    . . .     SeeInvis .   a - +2 dagger
rCold    . . .     Gourm    .   (shield restricted)
rNeg     . . .     Faith    .   b - +0 robe
rPois    .         Spirit   .   (no helmet)
rElec    .         Reflect  .   c - +0 cloak
rCorr    .         Harm     .   l - +0 pair of gloves
MR       .....                  (no boots)
Stlth    +++.......             (no amulet)
HPRegen  0.10/turn              (no ring)
MPRegen  0.09/turn              (no ring)

@: no status effects
A: small, carnivore
a: no special abilities


You were on level 2 of the Dungeon.
You were completely stuffed.

You visited 1 branch of the dungeon, and saw 2 of its levels.

You collected 50 gold pieces.

Inventory:

Hand Weapons
 a - a +2 dagger (weapon)
Missiles
 d - 8 poisoned darts (quivered)
Armour
 b - a +0 robe (worn)
 c - a +0 cloak (worn)
 l - a +0 pair of gloves (worn)
Scrolls
 h - 2 scrolls of identify {unknown}
 j - a scroll of teleportation {unknown}
 k - a scroll of immolation {unknown}
Potions
 g - a potion of mutation {unknown}
 i - 2 potions of stabbing {unknown}
 m - a potion of curing {unknown}
Comestibles
 f - a ration


   Skills:
 + Level 3.0 Fighting
 * Level 4.3 Short Blades
 + Level 2.9 Throwing
 + Level 2.3 Dodging
 + Level 6.4 Stealth


You had 4 spell levels left.
You didn't know any spells.
Your spell library was empty.

Dungeon Overview and Level Annotations

Branches:
Dungeon (2/15)

Altars:


Innate Abilities, Weirdness & Mutations

You are small and have problems with some larger weapons.
You are carnivorous and can eat meat at any time.


Message History

You hit the ogre but do no damage.
The ogre is severely wounded.
You hit the ogre.
The ogre is almost dead.
You hit the ogre.
You kill the ogre!
Your Fighting skill increases to level 3!
Your Short Blades skill increases to level 4!
Your Dodging skill increases to level 2!
You have reached level 5!
You feel agile.
The centaur shoots an arrow.
The arrow hits you.
* * * LOW HITPOINT WARNING * * *
Throwing (i - inventory. (/) - cycle)
e - a curare-tipped dart (quivered)
Press: ? - help, Shift-Dir - straight line, f - centaur
Aim: a centaur, wielding a +0 shortbow and quivering 9 arrows You throw a curare-tipped dart.
The curare-tipped dart closely misses the centaur.
The centaur shoots an arrow.
The arrow hits you!
You die...

#.##........
#(##......#
#.##c.....#
#.##......# ####
#.##......# #...
###.##c†(...# #...
#..c('......# #...
#.#)##......# #...
#@##?.....# #...
#...######(.#####...
...#.## #.#..).'...
### #. #.######...
#. #.# #.## #. ..#
#.## ## ### #...
######.## #........


You could see a centaur.

Vanquished Creatures
  An ogre (D:2)
  An adder (D:2)
  2 oozes
  2 dart slugs (D:1)
  A ball python (D:1)
  2 giant cockroaches
  2 hobgoblins (D:2)
  6 jackals (D:1)
  4 bats (D:1)
  3 frilled lizards (D:1)
  2 goblins (D:1)
  6 kobolds (D:1)
  3 rats (D:1)
35 creatures vanquished.

Notes
Turn   | Place    | Note
-------+----------+-------------------------------------------
     0 | D:1      | Hasart the Kobold Assassin began the quest for the Orb.
     0 | D:1      | Reached XP level 1. HP: 12/12 MP: 1/1
    43 | D:1      | Reached XP level 2. HP: 18/18 MP: 2/2
   275 | D:1      | Reached XP level 3. HP: 22/22 MP: 3/3
   604 | D:1      | Reached skill level 6 in Stealth
  1072 | D:2      | Reached XP level 4. HP: 27/27 MP: 4/4
  1152 | D:2      | Noticed a centaur
  1157 | D:2      | Noticed an ogre
  1176 | D:2      | HP: 1/27 [ogre/+0 giant spiked club (10)]
  1179 | D:2      | Killed an ogre
  1179 | D:2      | Reached XP level 5. HP: 1/32 MP: 5/5
  1180 | D:2      | Shot with an arrow by a centaur

Illustrated notes

Levels and vault maps discovered:
D:1:      lemuel_arrival_muddy, layout_loops_ring
D:2:      layout_basic, first_ration, minmay_misc_feat_ornament

Skill      XL: |  1  2  3  4 |
---------------+-------------+-----
Short Blades   | 3 4 |  4.3
Stealth        | 6 |  6.4
Fighting       | 3 |  3.0
Dodging        | 2 |  2.3
Throwing       | |  2.9

Action                   |  1- 3 |  4- 6 || total
-------------------------+-------+-------++-------
Melee: Dagger            |   101 |    18 ||   119
Throw: Dart              |       |     2 ||     2
 Stab: Sleeping          |     8 |     1 ||     9
  Eat: Chunk             |     9 |       ||     9
Armor: Robe              |    20 |     1 ||    21
Dodge: Dodged            |    56 |    10 ||    66

Table legend:
 A = Non-vault XP
 B = Vault XP
 C = Vault XP percentage of total XP
 D = Non-vault monster count
 E = Vault monster count
 F = Vault count percentage of total count
                 A         B        C        D         E       F
            +---------+---------+-------+---------+---------+-------
      Total |     195 |       0 |   0.0 |      35 |       0 |   0.0
            +---------+---------+-------+---------+---------+-------
        D:1 |      53 |       0 |   0.0 |      29 |       0 |   0.0
        D:2 |     142 |       0 |   0.0 |       6 |       0 |   0.0
            +---------+---------+-------+---------+---------+-------
